Map: 2000 Atmospheres LE

Players

Scarlett

  • Race: Zerg Zerg

MaSa - Winner!

  • Race: Terran Terran

Event: DreamHack SC2 Masters 2021 Fall

VOD

Have the link to the VOD?

Description

Time

  • Played on: Aug. 5, 2021, 3:16 p.m.
  • Length: 5:32

All games in this series

Show
View Real Time Build Order
Export as new Build Order

Scarlett Zerg 

Build Orders: Pool First 

Get SALT Encoding   

  12  0:00  Drone  
  13  0:12  Overlord  
  13  0:16  Drone  
  14  0:30  Drone x2  
  14  0:35  Drone  
  17  0:45  Extractor, Drone  
  17  0:48  Spawning Pool  
  16  0:55  Drone  
  17  1:06  Drone  
  18  1:15  Hatchery  
  17  1:20  Drone  
  18  1:36  Zergling x2, Queen  
  18  1:38  Zergling x2  
  22  1:46  Metabolic Boost  
  22  1:51  Overlord  
  22  1:59  Overlord  
  22  2:04  Spine Crawler  
  21  2:17  Queen  
  21  2:21  Zergling x4  
  24  2:33  Zergling x2  
  23  2:43  Zergling x4  
  22  2:49  Zergling x2  
  22  2:55  Zergling x2  
  13  3:09  Zergling x2  
  13  3:10  Zergling x2  
  12  3:22  Zergling x2  
  13  3:28  Zergling x2  
  13  3:33  Zergling x2  
  15  3:40  Zergling x2  
  15  3:45  Zergling x2  
  16  3:52  Zergling x2  
  17  3:59  Zergling x2  
  18  4:07  Zergling x2  
  19  4:14  Zergling x2  
  20  4:22  Zergling x2  
  21  4:29  Zergling x2  
  22  4:35  Zergling x2  
  21  4:51  Zergling x2  
Show
View Real Time Build Order
Export as new Build Order

MaSa Terran - Winner!

Build Orders:  

Get SALT Encoding   

  12  0:00  SCV  
  13  0:12  SCV  
  14  0:17  Supply Depot  
  14  0:24  SCV  
  15  0:40  Barracks  
  15  0:48  Barracks  
  15  1:02  Barracks  
  15  1:05  SCV  
  16  1:26  Marine  
  16  1:29  Barracks  
  17  1:33  Orbital Command  
  17  1:36  Marine  
  18  1:44  Marine  
  19  1:48  Supply Depot  
  19  1:52  Marine  
  20  1:56  Marine  
  21  2:02  Marine  
  22  2:10  Marine  
  22  2:14  Marine  
  24  2:16  Bunker  
  24  2:18  Marine  
  24  2:21  Marine  
  26  2:27  Marine  
  27  2:38  Marine  
  27  2:43  Marine x2  
  29  2:50  Marine  
  30  2:56  Marine  
  27  3:01  Marine x2  
  25  3:08  Marine  
  24  3:12  SCV  
  24  3:14  Marine  
  24  3:19  Marine  
  21  3:21  Marine  
  21  3:26  Marine  
  23  3:32  Marine  
  22  3:36  Marine  
  22  3:38  Marine  
  23  3:43  Marine  
  24  3:50  Marine  
  24  3:54  Marine  
  26  3:56  Marine  
  26  4:00  SCV  
  26  4:01  Marine  
  29  4:07  Marine  
  30  4:12  Marine  
  31  4:47  Marine  

Tags
 
Add a new tag
Caveats
  • Supply blocks, unpowered buildings, or Contaminate may cause inaccurate times.
  • Supply counts are checked every 10 seconds.